 Dungeon Crawl Stone Soup version 0.27.1 (webtiles) character file.

Game seed: 17990312872492525489

3935 nxtlvl the Grappler (level 10, -4/92 HPs)
             Began as a Troll Abyssal Knight on Sept 4, 2021.
             Was a High Priest of Lugonu.
             Slain by an ice devil (9 damage)
             ... summoned by a kobold demonologist
             ... on level 9 of the Dungeon.
             The game lasted 00:21:45 (2641 turns).

nxtlvl the Grappler (Troll Abyssal Knight)          Turns: 2641, Time: 00:21:45

Health: -4/92      AC:  6    Str: 22    XL:     10   Next: 1%
Magic:  5/13       EV: 13    Int: 11    God:    Lugonu [*****.]
Gold:   194        SH:  0    Dex:  9    Spells: 9/9 levels left

rFire    . . .     SeeInvis .     - Unarmed
rCold    . . .     Faith    .   (no shield)
rNeg     . . .     Spirit   .   a - +0 troll leather armour
rPois    .         Reflect  .   b - +0 hat
rElec    .         Harm     .   (no cloak)
rCorr    .         Rampage  .   (gloves unavailable)
Will     .....                  (boots unavailable)
Stlth    +.........             (no amulet)
HPRegen  2.25/turn              l - +4 ring of evasion
MPRegen  0.13/turn              (no ring)

@: no status effects
A: large, unfitting armour, claws 3, regeneration 1, shaggy fur 1, tough skin 1
a: Renounce Religion, Depart the Abyss, Bend Space, Banish, Corrupt, Enter the
Abyss


You were on level 9 of the Dungeon.
You worshipped Lugonu.
Lugonu was extremely pleased with you.
You visited 1 branch of the dungeon, and saw 10 of its levels.
You visited the Abyss 1 time.
You also visited: Ossuary.

You collected 194 gold pieces.

Inventory:

Missiles
 f - 81 sling bullets
 g - 9 boomerangs
 r - 3 throwing nets
 x - 38 poisoned darts (quivered)
 C - 4 curare-tipped darts
Armour
 a - a +0 troll leather armour (worn)
 b - a +0 hat (worn)
Jewellery
 l - a +4 ring of evasion (left claw)
Wands
 k - a wand of flame (31)
 w - a wand of polymorph (9)
Scrolls
 c - 2 scrolls of amnesia {unknown}
 e - 3 scrolls of teleportation
 h - a scroll of summoning {unknown}
 m - a scroll of blinking {unknown}
 n - 2 scrolls of magic mapping {unknown}
 o - a scroll of torment {unknown}
 p - a scroll of immolation {unknown}
 y - 2 scrolls of enchant armour {unknown}
 B - 2 scrolls of enchant weapon {unknown}
Potions
 d - 2 potions of haste {unknown}
 i - 10 potions of curing {unknown}
 j - 3 potions of lignification {unknown}
 q - 2 potions of degeneration {unknown}
 s - 2 potions of mutation
 t - 2 potions of flight {unknown}
 u - a potion of magic {unknown}
 z - a potion of brilliance
 A - a potion of might {unknown}


   Skills:
 + Level 4.0 Fighting
 - Level 1.9 Dodging
 * Level 12.5 Unarmed Combat
 * Level 5.3 Invocations


You had 9 spell levels left.
You didn't know any spells.
Your spell library contained the following spells:

 Spells                   Type           Power      Damage    Failure   Level
 Sting                    Tmut/Pois      0%         1d3       38%         1
 Corpse Rot               Necr/Air       N/A        N/A       52%         2
 Dispel Undead            Necr           0%         3d6       99%         4
 Fulminant Prism          Conj/Hex       0%         3d6       99%         4
 Iskenderun's Mystic Bla  Conj/Tloc      0%         2d3       99%         4
 Fireball                 Conj/Fire      0%         3d3       100%        5
 Lee's Rapid Deconstruct  Erth           0%         3d5*      100%        5
 Death Channel            Necr           0%         N/A       100%        6
 Chain Lightning          Conj/Air       0%         N/A       100%        9


Dungeon Overview and Level Annotations

Branches:
Dungeon (10/15)           Ossuary (visited)
 Temple: D:4-7         Lair: D:8-11         Orc: D:9-12

Altars:
Ashenzari
Gozag
Kikubaaqudgha
Nemelex Xobeh
Zin

Shops:
D:8 *   D:9 =

Annotations:
D:2 Sigmund


Innate Abilities, Weirdness & Mutations

You are too large for most types of armour.
You have claws for hands.
Your natural rate of healing is unusually fast.
You are covered in fur. (AC +1)
You have tough skin. (AC +1)


Message History

You closely miss the kobold demonologist.
The kobold demonologist is almost dead.
The ice devil hits you. The ice devil freezes you!!
The iron imp puffs mist at you. The iron imp completely misses you.
The chaos spawn gores you! The chaos spawn freezes you!
The kobold demonologist casts a spell.
You closely miss the kobold demonologist.
The kobold demonologist is almost dead.
The ice devil hits you! The ice devil freezes you!
* * * LOW HITPOINT WARNING * * *
Unknown command.
You miss the kobold demonologist.
The kobold demonologist is almost dead.
The chaos spawn hits you!
* * * LOW HITPOINT WARNING * * *
You feel your power leaking away.
The kobold demonologist hits you with a +0 dagger.
* * * LOW HITPOINT WARNING * * *
The iron imp hits you.
* * * LOW HITPOINT WARNING * * *
The ice devil barely misses you.
You feel much better.
The iron imp disappears in a puff of smoke!
The chaos spawn completely misses you.
The kobold demonologist gestures wildly while chanting.
The crimson imp blinks!
The ice devil hits you!
* * * LOW HITPOINT WARNING * * *
The ice devil freezes you!!
* * * LOW HITPOINT WARNING * * *
You barely miss the kobold demonologist.
The kobold demonologist is almost dead.
The kobold demonologist hits you with a +0 dagger.
* * * LOW HITPOINT WARNING * * *
The chaos spawn barely misses you.
Unknown command.
You closely miss the kobold demonologist.
The kobold demonologist is almost dead.
The ice devil hits you!
You die...

.. '#
#..K((.#...#.>......# oo
... ####5####..##.#.##..
..
....#.......##..#....#..
..
....##.......#))###..###
..
.....#8......#8)###..##.
..
÷....'.......'...)......
..###
÷....')3.....'....######
#...#
÷....5K5.....'))))#
#.#.#
.....#8@.....#8)#)#
#.#.# ..K #44.....#..#)#
#.#.# . #.......##..#.#
#.#.# ####'####..##.#
#.#.# .... ..###.# ####
#.#.# .....#.## #.#.....
#.#.## .....#. #.######
#.#..##### ### #.#
#.#......# #.#


You could see a sun demon (summoned), an ice devil (summoned), a kobold
demonologist, a chaos spawn (summoned), an iron imp (summoned) and 2 crimson
imps.

Vanquished Creatures
  Harold (D:9)
  A troll (D:10)
  A yak (D:10)
  2 vampire mosquitoes (D:9)
  A steam dragon (D:8)
  A water moccasin (D:9)
  3 orc warriors
  A necrophage (D:6)
  2 ogres
  A centaur (D:8)
  10 kobold brigands
  2 bullfrogs (D:8)
  A scorpion (D:2)
  3 water moccasin zombies (Ossuary)
  3 howler monkeys (D:8)
  2 centaur zombies
  A hound (D:5)
  2 orc priests
  A bullfrog skeleton (D:4)
  2 iguanas
  4 orc wizards
  A scorpion zombie (D:5)
  2 hound zombies (D:4)
  2 hound skeletons (D:4)
  2 mummies (Ossuary)
  A howler monkey zombie (D:4)
  A gnoll (D:10)
  An adder (D:6)
  2 shadow imps (D:9)
  An ufetubus (D:5)
  9 adder zombies
  2 adder skeletons (D:4)
  A dart slug (D:4)
  17 orcs
  2 endoplasms
  A goblin (D:1)
  A hobgoblin (D:4)
  A ball python (D:2)
  A bat (D:2)
  3 frilled lizards
  2 gnoll zombies (Ossuary)
  4 hobgoblin zombies (Ossuary)
  A jackal skeleton (D:4)
  30 kobolds
  8 kobold skeletons (D:9)
  12 kobold zombies
  6 orc zombies (Ossuary)
  4 rats
163 creatures vanquished.

Vanquished Creatures (others)
  An orc (D:8)
  A fungus (D:2)
  A plant (D:2)
3 creatures vanquished.

Grand Total: 166 creatures vanquished

Notes
Turn   | Place    | Note
-------+----------+-------------------------------------------
     0 | Abyss:1  | nxtlvl the Troll Abyssal Knight began the quest for the
                  | Orb.
     0 | Abyss:1  | Reached XP level 1. HP: 22/22 MP: 1/1
    33 | D:1      | Escaped the Abyss
   160 | D:2      | Noticed a scorpion
   171 | D:2      | Killed a scorpion
   172 | D:2      | Reached skill level 4 in Unarmed Combat
   172 | D:2      | Reached XP level 2. HP: 23/29 MP: 2/2
   172 | D:2      | Reached XP level 3. HP: 29/36 MP: 3/3
   218 | D:2      | Noticed Sigmund
   458 | D:4      | Reached XP level 4. HP: 44/44 MP: 4/4
   482 | D:4      | Reached skill level 5 in Unarmed Combat
   489 | D:4      | Reached ** piety under Lugonu
   497 | D:4      | Reached XP level 5. HP: 50/50 MP: 5/5
   530 | D:5      | Entered Level 5 of the Dungeon
   636 | D:5      | Found a broken altar of Ashenzari.
   759 | D:4      | Reached skill level 6 in Unarmed Combat
   804 | D:5      | Noticed an ogre
   815 | D:5      | Killed an ogre
   816 | D:5      | Reached XP level 6. HP: 52/59 MP: 6/6
   895 | D:5      | Found a sand-covered staircase.
   956 | Ossuary  | Entered an ossuary
  1009 | Ossuary  | Reached skill level 7 in Unarmed Combat
  1058 | Ossuary  | Reached *** piety under Lugonu
  1084 | Ossuary  | Reached XP level 7. HP: 59/66 MP: 7/7
  1099 | Ossuary  | Got Sif Muna's Tome of Poisoning and Confrontation
  1238 | D:6      | Reached skill level 8 in Unarmed Combat
  1238 | D:6      | Found a sparkling altar of Nemelex Xobeh.
  1330 | D:6      | Found an ancient bone altar of Kikubaaqudgha.
  1528 | D:8      | Found Zin's Purification Station.
  1528 | D:8      | Found a glowing silver altar of Zin.
  1584 | D:8      | Reached skill level 9 in Unarmed Combat
  1646 | D:8      | Reached XP level 8. HP: 70/74 MP: 8/8
  1657 | D:8      | Reached skill level 10 in Unarmed Combat
  1844 | D:9      | Found Jisar's Jewellery Emporium.
  1877 | D:9      | Found an opulent altar of Gozag.
  1878 | D:9      | Found an opulent altar of Gozag.
  1888 | D:9      | Reached skill level 11 in Unarmed Combat
  1901 | D:9      | Found an opulent altar of Gozag.
  1945 | D:9      | Reached **** piety under Lugonu
  1996 | D:10     | Entered Level 10 of the Dungeon
  2023 | D:10     | Reached XP level 9. HP: 59/80 MP: 9/9
  2033 | D:10     | Noticed a kobold demonologist
  2076 | D:10     | Noticed a troll
  2082 | D:10     | Killed a troll
  2167 | D:9      | Noticed Harold
  2220 | D:8      | Reached skill level 12 in Unarmed Combat
  2528 | D:9      | Killed Harold
  2529 | D:9      | Reached skill level 5 in Invocations
  2568 | D:9      | Reached ***** piety under Lugonu
  2589 | D:9      | Reached XP level 10. HP: 77/92 MP: 12/12
  2638 | D:9      | HP: 4/92 [kobold demonologist (2)]
  2638 | D:9      | HP: 1/92 [iron imp[a kobold demonologist] (3)]
  2640 | D:9      | Noticed a sun demon
  2641 | D:9      | Slain by an ice devil

Illustrated notes

Levels and vault maps discovered:
D:1:      dpeg_arrival_oval, layout_basic, nrook_campfire
D:2:      layout_loops_ring, basic_altar,
          shapermc_ecumenical_altar_mp_ritualfount, uniq_sigmund
D:3:      layout_loops_cross, uniq_ijyb
D:4:      layout_basic, serial_undead, serial_undead_b, serial_undead_a,
          serial_undead_b, serial_undead_a, serial_undead_c, serial_undead_b,
          serial_undead_d, serial_undead_d, serial_undead_e, serial_undead_a
D:5:      layout_layer_cave, evilmike_ruin_ashenzari,
          nicolae_ossuary_entry_false_entrances, kennysheep_decorative_pillar
D:6:      layout_cave_pods, nemelex_dance_club_becter,
          mainiacjoe_overflow_tiny_flanked,
          mainiacjoe_overflow_concentric_impassable,
          hellmonk_ghost_happy_afterlife
D:7:      layout_rooms, minmay_temple_entry_crystal_x, minmay_misc_feat_square
D:8:      layout_rooms, zin_purify
D:9:      wander_kiku_kobolds, layout_basic,
          nicolae_gozag_conspicuous_consumption, minmay_orc_entry_temple_small,
          serial_shops, kennysheep_mini, chequers_decorated_corner, minivault_7,
          uniq_harold
D:10:     minmay_the_grid_square_5x5_3x3
          [minmay_the_grid_square_5x5_beaten_path,
          minmay_the_grid_square_5x5_spiral_small,
          minmay_the_grid_square_5x5_comb, minmay_the_grid_square_5x5_z,
          minmay_the_grid_square_5x5_megaprize_crossed,
          minmay_the_grid_square_5x5_half_checkered,
          minmay_the_grid_square_5x5_inverted_slash,
          minmay_the_grid_square_5x5_pentomino_r,
          minmay_the_grid_square_5x5_n_small], layout_loops_ring,
          dpeg_oklobed_lair

Skill      XL: |  1  2  3  4  5  6  7  8  9 |
---------------+----------------------------+-----
Unarmed Combat | 4 5 6 7 9 11 12 | 12.5
Invocations    | 2 5 |  5.3
Fighting       | 4 |  4.0
Dodging        | |  1.9

Action                   |  1- 3 |  4- 6 |  7- 9 | 10-12 || total
-------------------------+-------+-------+-------+-------++-------
Melee: Unarmed           |    36 |   128 |   310 |    40 ||   514
       Punch             |       |     5 |    12 |       ||    17
Throw: Dart              |       |       |     2 |       ||     2
  Use: Scroll            |       |       |     6 |       ||     6
       Potion            |       |       |     1 |     1 ||     2
 Stab: Sleeping          |     2 |       |       |       ||     2
Armor: Robe              |     8 |    26 |    14 |       ||    48
       Troll leather arm |       |       |    32 |    10 ||    42
Dodge: Dodged            |    16 |    58 |   171 |    22 ||   267
